 Dungeon Crawl Stone Soup version 0.20-a0-736-gd3249da (webtiles) character file.

30 Maia the Vexing (level 3, 0/20 HPs)
             Began as a Deep Elf Arcane Marksman on Feb 23, 2017.
             Succumbed to a kobold's poison
             ... on level 1 of the Dungeon.
             The game lasted 00:05:45 (1761 turns).

Maia the Vexing (Deep Elf Arcane Marksman)          Turns: 1761, Time: 00:05:46

Health: 0/20       AC:  3    Str:  7    XL:     3   Next: 3%
Magic:  6/7        EV: 17    Int: 18    God:
Gold:   41         SH:  0    Dex: 20    Spells: 2/5 levels left

rFire    . . .     SeeInvis .   a - +0 shortbow
rCold    . . .     Gourm    .   i - +0 leather armour
rNeg     . . .     Faith    .   (shield currently unavailable)
rPois    .         Spirit   .   (no helmet)
rElec    .         Reflect  .   (no cloak)
rCorr    .         Harm     .   (no gloves)
MR       .....                  (no boots)
Stlth    +++.......             (no amulet)
Regen    0.1/turn               (no ring)
MPRegen  0.1/turn               (no ring)

@: agile, lethally poisoned (0 -> -10)
A: no striking features
a: no special abilities


You were on level 1 of the Dungeon.
You were very hungry.

You visited 1 branch of the dungeon, and saw 1 of its levels.

You collected 41 gold pieces.

Inventory:

Hand Weapons
 a - a +0 shortbow (weapon)
 g - a +0 whip
 j - a +0 antimagic dagger
Missiles
 d - 60 arrows (quivered)
 m - 5 javelins
Armour
 i - a +0 leather armour (worn)
Scrolls
 e - a scroll of identify {unknown}
 h - a scroll of noise
 l - a scroll of recharging {unknown}
Books
 c - a book of Debilitation

   Spells                             Type                      Level
   a - Corona                         Hexes                        1
   b - Slow                           Hexes                        2
   c - Inner Flame                    Hexes/Fire                   3
   d - Portal Projectile              Hexes/Translocation          3
   e - Cause Fear                     Hexes                        4
   f - Leda's Liquefaction            Hexes/Earth                  4
Comestibles
 f - a bread ration


   Skills:
 - Level 0.7 Fighting
 + Level 3.9 Bows
 - Level 2.4 Dodging
 - Level 1.5 Spellcasting
 - Level 4.0 Hexes


You had 2 spell levels left.
You knew the following spells:

 Your Spells              Type           Power        Failure   Level  Hunger
a - Corona                Hex            ###....      8%          1    ##.....
b - Slow                  Hex            ###.....     12%         2    ###....


Dungeon Overview and Level Annotations

Branches:
Dungeon (1/15)

Altars:


Message History

The poisoned tomahawk completely misses you.
Firing (i - inventory. (,) - cycle):
d - 63 arrows (quivered)
Press: ? - help, Shift-Dir - straight line, f/p - kobold
Aim: a kobold, wielding a mace of protection (softly glowing)
You shoot an arrow.
The arrow hits the kobold but does no damage.
* * * LOW HITPOINT WARNING * * *
You feel sick.
The kobold throws a poisoned tomahawk.
The poisoned tomahawk completely misses you.
Firing (i - inventory. (,) - cycle):
d - 62 arrows (quivered)
Press: ? - help, Shift-Dir - straight line, f/p - kobold
Aim: a kobold, wielding a mace of protection (softly glowing)
You shoot an arrow.
The arrow hits the kobold but does no damage.
Firing (i - inventory. (,) - cycle):
d - 61 arrows (quivered)
Press: ? - help, Shift-Dir - straight line, f/p - kobold
Aim: a kobold, wielding a mace of protection (softly glowing)
You shoot an arrow. The arrow hits the kobold.
The kobold is moderately wounded.
You die...

#>...............'....
#.##.)...###.....###.#
######[##.............###.#
#####....#....(................
#........###..#(#(###..g....#.#
#........###.##K#((.....###.#.#
#..8.8..(......(.###....# #.#..
#...>...##...##.........# .###
#..8.8........@..[......# ...
#.......##...###........# ##
#.......##.......###....# ####
#.............#### #....# #...
################# #....# #...
##.....####....####...
##.#####.#.............
#..8≈8≈8.#.###.........
#<.≈≈≈≈≈...# #.).......


You could see a kobold.

Vanquished Creatures
  A leopard gecko (D:1)
  4 bats (D:1)
  4 giant cockroaches (D:1)
  3 hobgoblins (D:1)
  3 jackals (D:1)
  4 kobolds (D:1)
  A frilled lizard (D:1)
  2 goblins (D:1)
  2 rats (D:1)
24 creatures vanquished.

Notes
Turn   | Place    | Note
-------+----------+-------------------------------------------
     0 | D:1      | Maia the Deep Elf Arcane Marksman began the quest for the Orb.
     0 | D:1      | Reached XP level 1. HP: 11/11 MP: 5/5
   560 | D:1      | Reached XP level 2. HP: 12/16 MP: 3/6
   706 | D:1      | Learned a level 2 spell: Slow
  1462 | D:1      | Reached XP level 3. HP: 6/20 MP: 7/7
  1759 | D:1      | HP: 1/20 [poisoned by a kobold]
  1761 | D:1      | Succumbed to a kobold's poison

Vault maps used:
D:1:      lightli_arrival_statue_moat, nrook_mini_vaults, st_stairs_14,
          minmay_misc_feat_more_columns

Skill      XL: |  1 |
---------------+----+-----
Bows           | 3 |  3.9
Fighting       | |  0.7
Dodging        | |  2.4
Spellcasting   | |  1.5
Hexes          | |  4.0

Action                   || total
-------------------------++-------
Melee: Whip              ||   145
 Fire: Shortbow          ||     3
 Cast: Corona            ||    15
  Use: Scroll            ||     1
       Potion            ||     1
  Eat: Chunk             ||     2
Armor: Robe              ||     8
       Leather armour    ||    35
Dodge: Dodged            ||   122
